 Dungeon Crawl Stone Soup version 0.28-a0-1524-ge72afd5fc6 (webtiles) character file.

Game seed: 56115337294409432

446 frimble the Cutter (level 6, 0/44 HPs)
             Began as a Demonspawn Warper on Jan 18, 2022.
             Slain by a white imp (3 damage)
             ... on level 5 of the Dungeon.
             The game lasted 00:06:10 (4561 turns).

frimble the Cutter (Demonspawn Warper)              Turns: 4561, Time: 00:06:10

Health: 0/44       AC:  3    Str: 18    XL:     6   Next: 73%
Magic:  9/9        EV: 12    Int: 16    God:
Gold:   108        SH:  0    Dex: 12    Spells: 7/9 levels left

rFire   . . .      SeeInvis .   a - +0 short sword
rCold   . . .      Faith    .   (no shield)
rNeg    . . .      Spirit   .   b - +0 leather armour
rPois   .          Reflect  .   (helmet restricted)
rElec   .          Harm     .   (no cloak)
rCorr   .          Rampage  .   (no gloves)
Will    .....                   (no boots)
Stlth   ++........              (no amulet)
HPRegen 0.14/turn               f - +6 ring of strength
MPRegen 0.11/turn               (no ring)

@: flying
A: horns 1, spiny 1
a: no special abilities


You were on level 5 of the Dungeon.
You visited 1 branch of the dungeon, and saw 5 of its levels.

You collected 108 gold pieces.

Inventory:

Hand Weapons
 a - a +0 short sword (weapon)
Missiles
 d - a boomerang of dispersal (quivered)
Armour
 b - a +0 leather armour (worn)
Jewellery
 f - a +6 ring of strength (left hand)
Scrolls
 c - 3 scrolls of identify
 e - a scroll of teleportation
Potions
 l - a potion of flight
 m - a potion of mutation {unknown}
 n - 2 potions of cancellation {unknown}
 q - a potion of heal wounds {unknown}


   Skills:
 - Level 2.0 Fighting
 + Level 4.9 Short Blades
 - Level 0.8 Throwing
 - Level 0.8 Armour
 - Level 2.5 Dodging
 - Level 3.0 Stealth
 - Level 2.0 Spellcasting
 + Level 3.8 Translocations


You had 7 spell levels left.
You knew the following spells:

 Your Spells              Type           Power      Damage    Failure   Level
a - Blink                 Tloc           26%        N/A       8%          2

Your spell library contained the following spells:

 Spells                   Type           Power      Damage    Failure   Level
 Gell's Gravitas          Tloc           13%        N/A       16%         3
 Lesser Beckoning         Tloc           13%        N/A       16%         3
 Teleport Other           Tloc           13%        N/A       16%         3
 Summon Small Mammal      Summ           4%         N/A       24%         1
 Static Discharge         Conj/Air       1%         N/A       36%         2
 Call Canine Familiar     Summ           1%         N/A       58%         3
 Summon Guardian Golem    Hex/Summ       1%         N/A       58%         3
 Manifold Assault         Tloc           13%        N/A       80%         5
 Dispel Undead            Necr           1%         3d6       94%         4
 Sticky Flame             Conj/Fire      1%         2d3       94%         4


Dungeon Overview and Level Annotations

Branches:
Dungeon (5/15)             Temple (0/1) D:4

Altars:
Ru
Xom

Annotations:
D:4 Eustachio


Innate Abilities, Weirdness & Mutations

You have a pair of small horns on your head.
You are partially covered in sharp spines.


Message History

You closely miss the white imp. The white imp gestures at you.
The puff of frost hits you!
You are too injured to fight recklessly!
You are too injured to fight recklessly!
You are too injured to fight recklessly!
You are too injured to fight recklessly!
You are too injured to fight recklessly!
You are too injured to fight recklessly!
You are too injured to fight recklessly!
You are too injured to fight recklessly!
You are too injured to fight recklessly!
You are too injured to fight recklessly!
You barely miss the white imp. Your punch misses the white imp.
The white imp is struck by your spines. The white imp hits you.
The white imp freezes you.
You closely miss the white imp.
The white imp is moderately wounded.
You hit the white imp but do no damage.
The white imp is moderately wounded.
The white imp completely misses you.
You hit the white imp but do no damage.
The white imp is moderately wounded.
The white imp gestures at you. The puff of frost hits you!
You closely miss the white imp.
You headbutt the white imp, but do no damage.
The white imp is moderately wounded.
The white imp barely misses you.
It was a potion of flight.
You feel very buoyant.
You fly up into the air.
The white imp gestures at you. The puff of frost hits you!
* * * LOW HITPOINT WARNING * * *
As you read the scroll of summoning, it crumbles to dust.
Wisps of shadow whirl around you... The white imp hits you.
* * * LOW HITPOINT WARNING * * *
The white imp freezes you.
You die...

....
#######.####.#.
#.....<........
#.##.o.o####.#
#.##...o###..#
#....o......[#
######oo###..#
.....os.# ..
#######@#
#>5Y.....
####..... $...
... .. .


You could see an ice beast, a white imp (ally target), a friendly scorpion
(summoned), a friendly orc wizard (summoned) and 6 friendly orcs.

Vanquished Creatures
  An ogre (D:4)
  A water moccasin zombie (D:5)
  An orc priest (D:4)
  An iguana (D:4)
  3 orc wizards
  Robin (D:1)
  5 adders
  3 worms (D:2)
  4 dart slugs
  7 orcs (D:3)
  9 endoplasms
  11 giant cockroaches
  10 goblins
  9 hobgoblins
  5 jackals
  5 kobolds
  7 quokkas
  6 ball pythons
  2 bats
  A frilled lizard (D:2)
  4 rats
96 creatures vanquished.

Notes
Turn   | Place    | Note
-------+----------+-------------------------------------------
     0 | D:1      | frimble the Demonspawn Warper began the quest for the Orb.
     0 | D:1      | Reached XP level 1. HP: 16/16 MP: 3/3
   191 | D:1      | Reached skill level 2 in Short Blades
   348 | D:1      | Gained mutation: You are partially covered in sharp spines.
                  | [demonic ancestry]
   348 | D:1      | Reached XP level 2. HP: 11/22 MP: 5/5
   736 | D:1      | Found a faded altar of an unknown god.
   891 | D:1      | Reached XP level 3. HP: 27/27 MP: 6/6
   896 | D:1      | Learned a level 2 spell: Blink
  1167 | D:2      | Noticed Robin
  1306 | D:1      | Killed Robin
  1307 | D:1      | Reached skill level 1 in Stealth
  1312 | D:1      | Reached skill level 3 in Short Blades
  1720 | D:2      | Gained mutation: You have a pair of small horns on your
                  | head. [demonic ancestry]
  1720 | D:2      | Reached XP level 4. HP: 33/33 MP: 7/7
  2598 | D:3      | Reached XP level 5. HP: 21/38 MP: 8/8
  2903 | D:3      | Found a sacrificial altar of Ru.
  3179 | D:3      | Found a shimmering altar of Xom.
  3299 | D:4      | Noticed an ogre
  3405 | D:4      | Reached skill level 4 in Short Blades
  3873 | D:4      | Found a staircase to the Ecumenical Temple.
  3905 | D:4      | Killed an ogre
  3906 | D:4      | Reached XP level 6. HP: 30/44 MP: 9/9
  4516 | D:4      | Noticed Eustachio
  4530 | D:5      | Entered Level 5 of the Dungeon
  4553 | D:5      | Noticed an ice beast
  4561 | D:5      | Slain by a white imp

Illustrated notes

Levels and vault maps discovered:
D:1:      minmay_arrival_diagonal_passages, layout_loops_ring,
          hellmonk_ecumenical_altar_dog_temple, minmay_worlds_worst_comb
D:2:      layout_rooms, uniq_robin
D:3:      layout_loops_ring, old_standard_altar, tgw_xom, eino_tiny_chamber
D:4:      layout_basic, nicolae_sif_muna_little_library,
          minmay_temple_entry_glassed_door, grunt_decor_one_mirror,
          uniq_eustachio
D:5:      layout_basic, mainiacjoe_overflow_alcove_4,
          lemuel_mausoleum_altar_kikubaaqudgha

Skill      XL: |  1  2  3  4  5 |
---------------+----------------+-----
Short Blades   | 2 3 4 |  4.9
Dodging        | 2 |  2.5
Stealth        | 1 2 3 |  3.0
Translocations | 3 |  3.8
Fighting       | |  2.0
Throwing       | |  0.8
Armour         | |  0.8
Spellcasting   | |  2.0

Action                   |  1- 3 |  4- 6 || total
-------------------------+-------+-------++-------
Melee: Short sword       |   129 |   159 ||   288
       Punch             |     2 |       ||     2
       Headbutt          |       |    27 ||    27
Throw: Boomerang         |       |     4 ||     4
       Dart              |       |     4 ||     4
       Javelin           |       |     2 ||     2
 Cast: Blink             |     1 |     2 ||     3
  Use: Scroll            |       |     8 ||     8
       Potion            |       |     2 ||     2
 Stab: Sleeping          |     1 |     4 ||     5
Armor: Leather armour    |    32 |    32 ||    64
Dodge: Dodged            |    79 |    59 ||   138

Table legend: (Time is in decaauts)
 A = Elapsed time spent in this place.
 B = Non-inter-level travel time spent in this place.
 C = Inter-level travel time spent in this place.
 D = Time resting spent in this place.
 E = Time spent auto-exploring this place.
 F = Levels seen in this place.
 G = Mean time per level.
                   A        B        C        D        E       F      G
               +--------+--------+--------+--------+--------+-----+--------+
         Total |   4536 |   4342 |    194 |    428 |   3141 |   5 |  907.2 |
       Dungeon |   4536 |   4342 |    194 |    428 |   3141 |   5 |  907.2 |
               +--------+--------+--------+--------+--------+-----+--------+

Top non-repeatable levels by time:
     D:1: 1603 daAuts
     D:3: 1374 daAuts
     D:4: 827 daAuts
     D:2: 702 daAuts
     D:5: 28 daAuts
